 Seeded DCSS version 0.29-a0-878-g7b45a56547 (webtiles) character file.

Game seed: 10092441578668863297 (custom seed)

1212 zeratav the Basher (level 8, -7/64 HPs)
             Began as a Minotaur Berserker on July 20, 2022.
             Was a Priest of Trog.
             Mangled by a killer bee (8 damage)
             ... on level 6 of the Dungeon.
             The game lasted 00:06:59 (5608 turns).

zeratav the Basher (Minotaur Berserker)             Turns: 5608, Time: 00:07:00

Health: -7/64      AC:  4    Str: 24    XL:     8   Next: 22%
Magic:  7/7        EV: 11    Int:  4    God:    Trog [***...]
Gold:   803        SH:  0    Dex: 10    Spells: 7/7 levels left

rFire   x . .      SeeInvis .   j - +4 whip {mace}
rCold   . . .      Faith    .   (no shield)
rNeg    . . .      Spirit   .   x - +1 leather armour of Integrity {rPois rF- rCorr}
rPois   +          Reflect  .   (helmet restricted)
rElec   .          Harm     .   (no cloak)
rCorr   +          Rampage  .   (no gloves)
Will    +....                   (no boots)
Stlth   +.........              (no amulet)
HPRegen 0.20/turn               r - ring of willpower
MPRegen 0.10/turn               (no ring)

@: lethally poisoned (-7 -> -8)
A: horns 2, retaliatory headbutt
a: Renounce Religion, Berserk, Trog's Hand


You were on level 6 of the Dungeon.
You worshipped Trog.
Trog was most pleased with you.
You visited 1 branch of the dungeon, and saw 6 of its levels.

You collected 992 gold pieces.
You spent 189 gold pieces at shops.


Innate Abilities, Weirdness & Mutations

You have a pair of horns on your head.
You reflexively headbutt those who attack you in melee.


   Skills:
 - Level 3.6 Fighting
 + Level 12.2 Maces & Flails
 - Level 2.4 Armour
 - Level 2.1 Dodging


You had 7 spell levels left.
You didn't know any spells.
Your spell library was empty.

Inventory:

Hand Weapons
 a - a +0 mace {mace}
 g - a +0 eveningstar {macerare=g}
   (You found it on level 1 of the Dungeon)
 j - a +4 whip (weapon) {mace}
   (You found it on level 2 of the Dungeon)
 y - a +1 flail of holy wrath {mace}
   (You found it on level 5 of the Dungeon)
Missiles
 C - 6 curare-tipped darts (quivered) {=fthrowing}
Armour
 x - the +1 leather armour of Integrity (worn) {rPois rF- rCorr}
   (You bought it in a shop on level 4 of the Dungeon)

   rF:        It makes you vulnerable to fire.
   rPois:     It protects you from poison.
   rCorr:     It protects you from acid and corrosion.
Jewellery
 r - a ring of willpower (left hand)
   (You found it on level 3 of the Dungeon)
Scrolls
 b - 2 scrolls of blinking {unknown}
 c - 2 scrolls of poison {!r}
 e - a scroll of summoning
 h - a scroll of fear
 l - a scroll of magic mapping {!r}
 m - a scroll of brand weapon
 n - a scroll of silence {!r}
 o - 2 scrolls of immolation {!r!r}
 p - 3 scrolls of teleportation {unknown}
 t - 2 scrolls of torment {unknown}
 v - 2 scrolls of amnesia {unknown}
 w - a scroll of enchant weapon {unknown}
Potions
 d - a potion of might {unknown}
 f - 2 potions of curing {unknown}
 i - a potion of lignification {unknown}
 k - a potion of magic {unknown}
 q - a potion of mutation {unknown}
 s - a potion of brilliance
 u - a potion of heal wounds {unknown}
 z - 2 potions of flight {unknown}
 A - a potion of haste {unknown}
 B - a potion of berserk rage {unknown}
 D - a potion of degeneration {unknown}

Dungeon Overview and Level Annotations

Branches:
Dungeon (6/15) Zot: 26888  Temple (0/1) D:5

Altars:
Sif Muna
Xom

Shops:
D:4 [

Annotations:
D:4 2 runed translucent doors, zeratav's ghost, amateur MiBe

##......####
.....y..y..
.......h..#
###+###
...?...?..#
#.....#
..........#
#.....# #.)...#
#..<..# #.)...#
#.....#
#..)..###..y..#
####.y@.......#
#..###.....#
##.###.....#
#..##.....#
##.####..## #.#
#..# ####.#
#..#
#....####..#
#..........#


You could see a black bear (fleeing) and 4 killer bees.


Message History

A black bear comes into view.
You closely miss the killer bee. Your headbutt misses the killer bee.
The killer bee misses you. The killer bee stings you.
HP[-1]
You take 1 damage, and now have 63/64 hp.
You barely miss the killer bee. Your headbutt misses the killer bee.
The killer bee stings you.
HP[-6]
You take 6 damage, and now have 57/64 hp.
You barely miss the killer bee. The killer bee closely misses you.
The killer bee barely misses you. The killer bee stings you.
HP[-5]
You take 5 damage, and now have 52/64 hp.
The killer bee attacks as you move away!
The killer bee barely misses you.
The killer bee attacks as you move away!
The killer bee misses you. The killer bee stings you.
The killer bee completely misses you. You furiously retaliate!
You headbutt the killer bee.
HP[-3]
You take 3 damage, and now have 49/64 hp.
The killer bee attacks as you move away!
The killer bee misses you. You furiously retaliate!
You headbutt the killer bee.
The killer bee attacks as you move away!
The killer bee stings you. x2
The killer bee stings you but does no damage.
The killer bee closely misses you.
Things that are here:
a +0 dagger {short}; a +0 robe; HP[-5]
You take 5 damage, and now have 44/64 hp.
The killer bee attacks as you move away!
The killer bee stings you.
The killer bee attacks as you move away!
The killer bee stings you but does no damage.
You feel the effects of Trog's Hand fading.
The killer bee stings you but does no damage.
The killer bee closely misses you. You furiously retaliate!
You headbutt the killer bee.
HP[-4]
You take 4 damage, and now have 40/64 hp.
You whack the killer bee! The killer bee stings you. x2
You are poisoned.
The killer bee poisons you! The killer bee closely misses you.
The killer bee barely misses you.
HP[-3]
You take 3 damage, and now have 37/64 hp.
You hit the killer bee.
You kill the killer bee!
Trog accepts your kill.
You feel sick. The killer bee stings you.
* * * LOW HITPOINT WARNING * * *
The killer bee barely misses you. x2
HP[-6]
You take 6 damage, and now have 31/64 hp.
You feel sick. The killer bee stings you.
* * * LOW HITPOINT WARNING * * *
The killer bee closely misses you.
The killer bee stings you but does no damage.
The killer bee barely misses you. You furiously retaliate!
You headbutt the killer bee.
You see here a killer bee corpse.
HP[-2]
You take 2 damage, and now have 29/64 hp.
You miss the killer bee.
You feel sick. The killer bee stings you.
* * * LOW HITPOINT WARNING * * *
The killer bee stings you.
* * * LOW HITPOINT WARNING * * *
The killer bee closely misses you. You furiously retaliate!
You headbutt the killer bee. The killer bee closely misses you.
HP[-10]
You take 10 damage, and now have 19/64 hp.
You hit the killer bee. Your headbutt misses the killer bee.
The killer bee stings you.
* * * LOW HITPOINT WARNING * * *
The killer bee barely misses you. x2; The killer bee stings you.
* * * LOW HITPOINT WARNING * * *
HP[-3]
You take 3 damage, and now have 16/64 hp.
Read: 2 scrolls of fear
Press: ? - help, Q - select action, (/) - cycle Dir - look around, f - activate Look: a killer bee (lightly wounded, chance to affect: 98%)
As you read the scroll of fear, it crumbles to dust.
You assume a fearsome visage.
The killer bee resists with some effort.
The killer bee looks frightened!
The killer bee looks frightened! x3; The black bear looks frightened!
You feel sick. The killer bee stings you.
* * * LOW HITPOINT WARNING * * *
The killer bee stings you.
* * * LOW HITPOINT WARNING * * *
HP[-8]
You take 8 damage, and now have 8/64 hp.
Okay, then.
You feel sick. The killer bee closely misses you.
Your skin stops crawling.
You feel less strong-willed.
You feel sick. The killer bee stings you!
* * * LOW HITPOINT WARNING * * *
The killer bee stings you!
You die...

Skill      XL: |  1  2  3  4  5  6  7  8 |
---------------+-------------------------+-----
Maces & Flails | 4 5 6 8 9 11 12 | 12.2
Fighting       | |  3.6
Armour         | |  2.4
Dodging        | |  2.1

Action                   |  1- 3 |  4- 6 |  7- 9 || total
-------------------------+-------+-------+-------++-------
Melee: Mace              |    74 |    39 |       ||   113
       Headbutt          |     5 |    14 |    18 ||    37
       Punch             |     1 |     1 |     3 ||     5
       Whip              |       |    34 |   124 ||   158
Invok: Berserk           |       |     2 |     1 ||     3
       Trog's Hand       |       |       |     1 ||     1
  Use: Scroll            |       |     6 |     4 ||    10
 Stab: Sleeping          |     1 |       |       ||     1
Armor: Animal skin       |     7 |     8 |       ||    15
       Leather armour    |       |       |    26 ||    26
Dodge: Dodged            |    44 |    36 |    52 ||   132

Levels and vault maps discovered:
D:1:      dpeg_arrival_round_b, layout_loops_ring, basic_ecumenical_altar,
          st_stairs_7, minmay_box_of_dots
D:2:      layout_rooms, uniq_natasha
D:3:      layout_loops_ring
D:4:      layout_loops_ring, kb_xom_exploding_sheep, serial_shops,
          nicolae_shop_crystal, ebering_ghost_disaster_area,
          ebering_dispersal_statue_hall, minmay_surrounded
D:5:      layout_rooms, nicolae_sif_muna_little_library,
          minmay_temple_entry_poolview, st_stairs_5
D:6:      layout_basic, nicolae_overflow_hidden_temple, uniq_maggie,
          uniq_eustachio

Notes
Turn   | Place    | Note
-------+----------+-------------------------------------------
     0 | D:1      | zeratav the Minotaur Berserker began the quest for the Orb.
     0 | D:1      | Reached XP level 1. HP: 19/19 MP: 0/0
     0 | D:1      | magus.rc [v1.9.6]
    55 | D:1      | Reached skill level 4 in Maces & Flails
   259 | D:1      | Reached XP level 2. HP: 26/26 MP: 1/1
   672 | D:1      | Reached skill level 5 in Maces & Flails
   699 | D:1      | g - a +0 eveningstar {macerare=g}
   750 | D:1      | Reached XP level 3. HP: 31/31 MP: 2/2
   757 | D:1      | Reached ** piety under Trog
  1198 | D:1      | Found a faded altar of an unknown god.
  1554 | D:2      | Noticed Natasha
  1570 | D:2      | Killed Natasha
  1571 | D:2      | Reached skill level 6 in Maces & Flails
  1571 | D:2      | Reached XP level 4. HP: 26/39 MP: 3/3
  1680 | D:2      | Identified a scroll of acquirement
  1683 | D:2      | Acquired 709 gold pieces
  1866 | D:2      | Noticed Natasha
  1869 | D:2      | Killed Natasha
  1934 | D:2      | Reached XP level 5. HP: 45/45 MP: 4/4
  1961 | D:2      | Noticed Natasha
  1966 | D:2      | Killed Natasha
  1967 | D:2      | Reached skill level 7 in Maces & Flails
  2825 | D:3      | Reached *** piety under Trog
  3093 | D:4      | Reached skill level 8 in Maces & Flails
  3300 | D:4      | Noticed a water moccasin
  3308 | D:4      | Killed a water moccasin
  3309 | D:4      | Reached XP level 6. HP: 51/51 MP: 5/5
  3478 | D:4      | Noticed a dream sheep
  3478 | D:4      | Noticed a dream sheep
  3478 | D:4      | Noticed a dream sheep
  3478 | D:4      | Noticed a dream sheep
  3478 | D:4      | Noticed a dream sheep
  3478 | D:4      | Found a shimmering altar of Xom.
  3483 | D:4      | Killed a dream sheep
  3485 | D:4      | Killed a dream sheep
  3485 | D:4      | Killed a dream sheep
  3485 | D:4      | Killed a dream sheep
  3487 | D:4      | Killed a dream sheep
  3581 | D:4      | Reached skill level 9 in Maces & Flails
  3710 | D:4      | Reached XP level 7. HP: 34/57 MP: 6/6
  3937 | D:4      | Found Biloidepno's Antique Armour Shoppe.
  3948 | D:4      | Bought a heavily runed leather armour for 189 gold pieces
  3948 | D:4      | Identified the +1 leather armour of Integrity {rPois rF-
                  | rCorr} (You bought it in a shop on level 4 of the Dungeon)
  3959 | D:4      | Found a large runed translucent door.
  3959 | D:4      | Found a large runed translucent door.
  3963 | D:4      | Noticed zeratav's ghost (amateur MiBe)
  4091 | D:4      | Reached skill level 10 in Maces & Flails
  4355 | D:5      | Entered Level 5 of the Dungeon
  4892 | D:5      | Reached skill level 11 in Maces & Flails
  5227 | D:5      | Found a shimmering blue altar of Sif Muna.
  5231 | D:5      | Reached XP level 8. HP: 62/64 MP: 7/7
  5385 | D:5      | Found a staircase to the Ecumenical Temple.
  5593 | D:6      | Reached skill level 12 in Maces & Flails
  5605 | D:6      | HP: 16/64 [killer bee (3)]
  5608 | D:6      | HP: 1/64 [killer bee (7)]
  5608 | D:6      | Mangled by a killer bee

Vanquished Creatures
  A water moccasin (D:4)
  A black bear (D:4)
  An ogre (D:4)
  A phantom (D:5)
  3 scorpions
  A killer bee (D:6)
  A howler monkey (D:4)
  A hound (D:5)
  4 jellies
  2 iguanas
  2 orc wizards (D:6)
  Natasha (thrice) (D:2)
  11 adders
  8 gnolls
  A shadow imp (D:5)
  An ufetubus (D:5)
  4 dart slugs
  10 orcs
  3 ball pythons
  5 endoplasms
  3 giant cockroaches
  4 goblins
  6 hobgoblins
  14 jackals
  3 kobolds
  3 quokkas (D:1)
  8 bats
  A frilled lizard (D:2)
  5 rats
111 creatures vanquished.

Vanquished Creatures (others)
  5 dream sheep (D:4)
5 creatures vanquished.

Grand Total: 116 creatures vanquished

Table legend:
 A = Non-vault XP
 B = Vault XP
 C = Vault XP percentage of total XP
 D = Non-vault monster count
 E = Vault monster count
 F = Vault count percentage of total count
                 A         B        C        D         E       F
            +---------+---------+-------+---------+---------+-------
      Total |    1396 |     336 |  19.4 |     100 |      11 |   9.9
            +---------+---------+-------+---------+---------+-------
        D:1 |      53 |       4 |   7.0 |      27 |       3 |  10.0
        D:2 |     143 |      33 |  18.8 |      18 |       1 |   5.3
        D:3 |      82 |       0 |   0.0 |      13 |       0 |   0.0
        D:4 |     344 |     193 |  35.9 |      12 |       4 |  25.0
        D:5 |     498 |     106 |  17.5 |      21 |       3 |  12.5
        D:6 |     276 |       0 |   0.0 |       9 |       0 |   0.0
            +---------+---------+-------+---------+---------+-------

Illustrated notes

Table legend:
 A = Kills in this place as a percentage of kills in entire the game.
 B = Kills by you in this place as a percentage of kills by you in the entire game.
 C = Kills by friends in this place as a percentage of kills by friends in the entire game.
 D = Other kills in this place as a percentage of other kills in the entire game.
 E = Experience gained in this place as a percentage of experience gained in the entire game.
 F = Experience gained in this place divided by the number of levels of this place that you have seen.
                   A       B       C       D       E      F
               +-------+-------+-------+-------+-------+----------------------
         Total | 100.0 | 100.0 |   N/A |   N/A | 100.0 | 288.7
       Dungeon | 100.0 | 100.0 |   N/A |   N/A | 100.0 | 288.7
               +-------+-------+-------+-------+-------+----------------------

Table legend: (Time is in decaauts)
 A = Elapsed time spent in this place.
 B = Non-inter-level travel time spent in this place.
 C = Inter-level travel time spent in this place.
 D = Time resting spent in this place.
 E = Time spent auto-exploring this place.
 F = Levels seen in this place.
 G = Mean time per level.
                   A        B        C        D        E       F      G
               +--------+--------+--------+--------+--------+-----+--------+
         Total |   5596 |   5421 |    175 |    850 |   3935 |   6 |  932.7 |
       Dungeon |   5596 |   5421 |    175 |    850 |   3935 |   6 |  932.7 |
               +--------+--------+--------+--------+--------+-----+--------+

Top non-repeatable levels by time:
     D:1: 1370 daAuts
     D:4: 1277 daAuts
     D:5: 1099 daAuts
     D:2: 895 daAuts
     D:3: 842 daAuts
     D:6: 110 daAuts
